AoeStats
← QNa_NguaHoang

Arena

509119675Analyzed
4v4 RM · 6d ago on Sep 25, 2026· 49m 40s· 8 players
Game mode
Random Map
Map size
Large (8 player)
Population
200
Speed
Normal
Resources
Standard
Victory
Conquest
Starting age
Dark Age
Ending age
Imperial Age
RankedLock teamsTeams togetherTeam positionsShared explorationLock speedFull tech treeHidden civsTurbo modeCheats
Victory
Defeat
🇻🇳 Bohemians · Vietnam
1426
+9
🇻🇳 Italians · Vietnam
1342
+13
🇻🇳 Bulgarians · Vietnam
1281
+15
🇻🇳 Persians · Vietnam
1226
+18
🇹🇼 Romans · Taiwan
1293
-15
🇹🇼 Mongols · Taiwan
1268
-14
🇹🇼 Spanish · Taiwan
1266
-14
🇹🇼 Persians · Taiwan
1232
-12
Gạo
10:26 Feudal Age
11:11 Loom
15:45 Castle Age
14:04 Double-Bit Axe
14:56 Horse Collar
15:08 Gold Mining
18:08 Wheelbarrow
22:20 Heavy Plow
24:51 Hand Cart
26:15 Bow Saw
26:44 Gold Shaft Mining
26:02 Stone Mining
29:40 Imperial Age
27:40 Ballistics
27:29 Scale Barding Armor
27:35 Forging
29:05 Stone Shaft Mining
29:07 Gold Shaft Mining
29:50 Iron Casting
29:35 Chain Barding Armor
31:09 Blast Furnace
30:13 Husbandry
30:24 Bloodlines
29:38 Cavalier
30:52 Conscription
31:25 Crop Rotation
31:59 Two-Man Saw
32:50 Plate Barding Armor
31:45 Elite War Elephant
33:55 Plate Barding Armor
38:12 Padded Archer Armor
40:46 Leather Archer Armor
42:39 Ring Archer Armor
41:35 Light Cavalry
41:44 Savar
48:23 Fletching
MOON_CAT2025
10:13 Feudal Age
14:20 Castle Age
12:37 Loom
16:24 Fletching
18:38 Bodkin Arrow
20:44 Padded Archer Armor
21:21 Double-Bit Axe
22:22 Horse Collar
23:27 Ballistics
25:09 Wheelbarrow
24:45 Bow Saw
25:23 Gold Mining
27:17 Heavy Plow
27:39 Stone Mining
32:58 Imperial Age
32:04 Stone Shaft Mining
32:35 Leather Archer Armor
33:28 Thumb Ring
34:52 Chemistry
34:07 Bracer
35:08 Two-Man Saw
34:39 Crop Rotation
35:13 Ring Archer Armor
38:30 Elite Genoese Crossbowman
41:16 Conscription
41:44 Hand Cart
41:14 Town Watch
42:15 Scale Mail Armor
42:26 Forging
42:17 Squires
42:03 Arson
42:56 Chain Mail Armor
46:56 Plate Mail Armor
47:02 Iron Casting
46:41 Pirotechnia
46:52 Silk Road
47:23 Masonry
50:00 Blast Furnace
QNa_NguaHoang
2:20 Loom
11:56 Feudal Age
15:43 Castle Age
13:54 Horse Collar
14:00 Double-Bit Axe
15:08 Stone Mining
16:29 Wheelbarrow
17:27 Bow Saw
20:19 Heavy Plow
26:54 Gold Mining
30:19 Imperial Age
28:21 Hand Cart
29:35 Gold Shaft Mining
29:29 Scale Barding Armor
30:12 Chain Barding Armor
30:03 Forging
30:28 Bloodlines
31:03 Stone Shaft Mining
31:26 Conscription
32:05 Husbandry
31:31 Elite Konnik
33:27 Stirrups
33:15 Light Cavalry
35:19 Plate Barding Armor
35:38 Iron Casting
37:09 Blast Furnace
36:31 Pikeman
37:14 Squires
37:16 Scale Mail Armor
37:12 Halberdier
38:52 Chain Mail Armor
41:35 Crop Rotation
42:12 Hussar
Firelord
0:54 Loom
9:27 Feudal Age
11:23 Double-Bit Axe
15:55 Castle Age
14:57 Horse Collar
17:49 Bow Saw
23:43 Fletching
29:42 Imperial Age
27:34 Bodkin Arrow
29:13 Chemistry
29:08 Wheelbarrow
31:31 Conscription
31:33 Bracer
32:53 Chemistry
31:38 Elite Skirmisher
32:28 Padded Archer Armor
32:07 Pikeman
32:48 Squires
32:56 Scale Mail Armor
34:35 Fortified Wall
36:19 Hand Cart
37:01 Forging
37:17 Halberdier
40:08 Chain Mail Armor
41:52 Ballistics
44:26 Plate Mail Armor
45:21 Two-Man Saw
44:22 Heavy Plow
45:14 Iron Casting
50:16 Leather Archer Armor
51:01 Blast Furnace
安息吧包子
10:31 Feudal Age
14:54 Castle Age
14:28 Double-Bit Axe
14:50 Horse Collar
15:54 Bow Saw
16:00 Loom
16:38 Gold Mining
24:35 Husbandry
25:50 Padded Archer Armor
30:27 Wheelbarrow
30:40 Bloodlines
32:05 Stone Mining
34:09 Hand Cart
34:17 Leather Archer Armor
38:15 Imperial Age
38:42 Stone Shaft Mining
38:18 Elite Conquistador
39:19 Conscription
42:25 Ring Archer Armor
42:21 Thumb Ring
46:02 Scale Barding Armor
46:07 Forging
46:15 Light Cavalry
48:13 Chain Barding Armor
48:29 Iron Casting
50:58 Two-Man Saw
橋本真也
10:09 Feudal Age
14:21 Castle Age
12:30 Double-Bit Axe
12:57 Horse Collar
13:18 Loom
15:35 Bow Saw
22:22 Wheelbarrow
22:33 Heavy Plow
23:21 Gold Mining
29:17 Imperial Age
27:12 Hand Cart
27:10 Scale Barding Armor
27:16 Forging
28:11 Chain Barding Armor
28:04 Bloodlines
27:58 Husbandry
30:04 Iron Casting
30:54 Plate Barding Armor
29:47 Cavalier
32:25 Blast Furnace
31:48 Savar
34:08 Two-Man Saw
34:36 Chemistry
34:05 Padded Archer Armor
35:05 Leather Archer Armor
36:41 Ring Archer Armor
37:03 Light Cavalry
42:46 Hussar
46:46 Fletching
47:31 Ballistics
46:36 Elite Skirmisher
49:53 Scale Mail Armor
49:49 Bodkin Arrow
49:59 Squires
49:20 Pikeman
49:46 Arson
小小財
10:06 Feudal Age
14:44 Castle Age
12:59 Fletching
13:14 Double-Bit Axe
14:31 Loom
17:32 Bodkin Arrow
23:20 Bow Saw
23:18 Padded Archer Armor
27:56 Gold Mining
32:05 Imperial Age
31:02 Leather Archer Armor
31:55 Gold Shaft Mining
33:13 Conscription
33:25 Bracer
35:02 Wheelbarrow
35:28 Ballistics
35:34 Bloodlines
35:24 Husbandry
35:50 Stone Mining
40:07 Chemistry
44:43 Parthian Tactics
44:27 Thumb Ring
GARCIA1979
11:15 Feudal Age
12:11 Double-Bit Axe
12:11 Horse Collar
15:02 Castle Age
16:40 Bow Saw
16:33 Heavy Plow
22:37 Stone Mining
23:00 Gold Mining
25:21 Gold Shaft Mining
28:48 Imperial Age
26:04 Loom
26:55 Wheelbarrow
26:06 Town Watch
28:00 Ballistics
27:40 Pikeman
28:20 Squires
28:23 Scale Mail Armor
28:34 Forging
28:44 Fortified Wall
29:02 Fletching
29:12 Padded Archer Armor
30:53 Guilds
31:20 Conscription
32:17 Chemistry
31:48 Hand Cart
32:21 Heavy Scorpion
33:45 Masonry
33:31 Murder Holes
33:24 Capped Ram
35:51 Bodkin Arrow
36:12 Leather Archer Armor
36:05 Halberdier
37:31 Ballistas
37:48 Comitatenses
37:47 Town Patrol
38:33 Chain Mail Armor
38:48 Ring Archer Armor
38:54 Iron Casting
41:19 Siege Ram
44:32 Blast Furnace
44:52 Architecture
44:31 Siege Engineers
48:15 Man-at-Arms
Connection lost

Rejoining the realm…

Still unreachable

The connection could not be restored.

Session expired

The server has moved on; the page needs a fresh start.